 Dungeon Crawl Stone Soup version 0.29.1-15-g9cfb28693d (webtiles) character file.

Game seed: 4029205599438077160

7 croobank the Sneak (level 2, -1/21 HPs)
             Began as an Octopode Delver on Mar 11, 2023.
             Shot with a sling bullet by Joseph (22 damage)
             ... on level 7 of the Dungeon.
             The game lasted 00:00:44 (108 turns).

croobank the Sneak (Octopode Delver)                 Turns: 108, Time: 00:00:45

Health: -1/21      AC:  1    Str: 11    XL:     2   Next: 4%
Magic:  2/2        EV: 13    Int: 12    God:
Gold:   39         SH:  0    Dex: 13    Spells: 1/1 levels left

rFire   . . .      SeeInvis .   a - +0 hand axe
rCold   . . .      Faith    .   (no shield)
rNeg    . . .      Spirit   .   (helmet restricted)
rPois   .          Reflect  .   (no amulet)
rElec   .          Harm     .   (no ring)
rCorr   .          Rampage  .   (no ring)
Will    .....                   (no ring)
Stlth   ++++......              (no ring)
HPRegen 0.07/turn               (no ring)
MPRegen 0.08/turn               (no ring)
                                (no ring)
                                (no ring)

@: no status effects
A: almost no armour, amphibious, 8 rings, camouflage 1, gelatinous body 1,
(nimble swimmer 1), tentacles
a: no special abilities


You were on level 7 of the Dungeon.
You visited 1 branch of the dungeon, and saw 4 of its levels.

You collected 39 gold pieces.

Inventory:

Hand Weapons
 a - a +0 hand axe (weapon)
Wands
 f - a wand of digging (3)
Scrolls
 b - a scroll of fog
 c - a scroll of magic mapping
 d - a scroll of fear
 g - a scroll of identify {unknown}
 h - a scroll of teleportation {unknown}
Potions
 e - a potion of haste


   Skills:
 + Level 3.1 Fighting
 + Level 2.1 Axes
 + Level 2.1 Dodging
 + Level 6.7 Stealth


You had one spell level left.
You didn't know any spells.
Your spell library was empty.

Dungeon Overview and Level Annotations

Branches:
Dungeon (8/15)
 Temple: D:4-7         Lair: D:8-11

Altars:

Annotations:
D:7 Joseph


Innate Abilities, Weirdness & Mutations

You cannot wear most types of armour.
You are amphibious.
You can wear up to eight rings at the same time.
Your skin changes colour to match your surroundings (Stealth+).
Your rubbery body absorbs attacks. (AC +1, EV +1)
((You are camouflaged when in or above water. (Stealth+)))
You have tentacles for arms and can constrict up to eight enemies at once.


Message History

Found a stone staircase leading down.
An orc priest comes into view. It is wielding a +0 short sword.
Found 10 gold pieces.
You now have 10 gold pieces.
There is a stone staircase leading down here.
You climb downwards.
There is a stone staircase leading up here.
A shadow imp comes into view.
Found a stone staircase leading down.
The helpless shadow imp fails to defend itself.
You hit the shadow imp. You grab the shadow imp.
The shadow imp is lightly wounded.
You constrict the shadow imp, but do no damage.
The shadow imp hits you but does no damage.
You hit the shadow imp. Your squeeze misses the shadow imp.
The shadow imp is heavily wounded.
You constrict the shadow imp. The shadow imp completely misses you.
You hit the shadow imp but do no damage.
You squeeze the shadow imp.
You kill the shadow imp!
You have reached level 2!
There is a stone staircase leading down here.
You climb downwards.
Found 13 gold pieces.
Found an escape hatch in the ceiling.
There is a stone staircase leading up here.
You now have 23 gold pieces (gained 13).
You now have 39 gold pieces (gained 16).
g - a scroll labelled XUYMIF ZUL A bullfrog comes into view.
Found a stone staircase leading up.
You see here a scroll labelled KUFYDAWIPO.
h - a scroll labelled KUFYDAWIPO
Found a cloak.
There is a stone staircase leading up here.
You climb upwards.
Joseph shouts!
Joseph unwields a +0 quarterstaff.
Joseph wields a +0 sling.
Joseph shoots a sling bullet.
The sling bullet hits you!!
Ouch! That really hurt!
You die...

# #. #.. #...
#...^
......#########
.......@.......
...............
...............
...............
.......@.......
##.....########
#..... #.....


You could see Joseph.

Vanquished Creatures
  A shadow imp (D:7)
1 creature vanquished.

Vanquished Creatures (others)
  11 fungi (D:8)
  12 plants (D:8)
23 creatures vanquished.

Grand Total: 24 creatures vanquished

Notes
Turn   | Place    | Note
-------+----------+-------------------------------------------
     0 | D:5      | croobank the Octopode Delver began the quest for the Orb.
     0 | D:5      | Reached XP level 1. HP: 16/16 MP: 1/1
    13 | D:6      | Noticed an orc priest
    55 | D:7      | Reached XP level 2. HP: 21/21 MP: 2/2
    90 | D:8      | Noticed a bullfrog
   108 | D:7      | Noticed Joseph
   108 | D:7      | Shot with a sling bullet by Joseph

Illustrated notes

Levels and vault maps discovered:
D:5:      layout_loops_ring, lemuel_coloured_pillars_altar,
          okawaru_altar_gauntlet_db, biasface_ghost_orc_armoury,
          chequers_serial_rivers_small_b
D:6:      layout_cave_pools, trog_butcher_becter, uniq_prince_ribbit1
D:7:      layout_gridville, nicolae_uskayaw_suspiria,
          minmay_temple_entry_stoned_glass, nicolae_shop_firing_range,
          uniq_joseph
D:8:      layout_cave_pools, nicolae_gozag_cash_rules_everything_around_me,
          due_lair_maze_entry_diamond, uniq_grum

Action                   || total
-------------------------++-------
Melee: Hand axe          ||     3
       Constrict         ||     1
       Tentacles         ||     1
 Stab: Sleeping          ||     1
Armor: Skin              ||     1
Dodge: Dodged            ||     1
